 Dungeon Crawl Stone Soup version 0.28.0 (webtiles) character file.

Game seed: 13862299786083151740

19 browni3141 the Skirmisher (level 2, 0/40 HPs)
             Began as a Minotaur Berserker on Feb 16, 2022.
             Was a Follower of Trog.
             Succumbed to a kobold's poison
             ... on level 2 of the Dungeon.
             The game lasted 00:00:28 (563 turns).

browni3141 the Skirmisher (Minotaur Berserker)       Turns: 563, Time: 00:00:29

Health: 0/40       AC: 10    Str: 21    XL:     2   Next: 55%
Magic:  1/1        EV:  8    Int:  4    God:    Trog [*.....]
Gold:   5          SH:  0    Dex:  9    Spells: 1/1 levels left

rFire   . . .      SeeInvis .   a - +0 hand axe
rCold   . . .      Faith    .   (no shield)
rNeg    . . .      Spirit   .   f - +0 chain mail
rPois   .          Reflect  .   (helmet restricted)
rElec   .          Harm     .   (no cloak)
rCorr   .          Rampage  .   i - +0 pair of gloves
Will    .....                   (no boots)
Stlth   ..........              (no amulet)
HPRegen 0.13/turn               (no ring)
MPRegen 0.07/turn               (no ring)

@: berserking (expiring), lethally poisoned (0 -> -6), very quick
A: horns 2, retaliatory headbutt
a: Renounce Religion, Berserk


You were on level 2 of the Dungeon.
You worshipped Trog.
Trog was aware of your devotion.
You visited 1 branch of the dungeon, and saw 2 of its levels.

You collected 5 gold pieces.

Inventory:

Hand Weapons
 a - a +0 hand axe (weapon)
Armour
 b - a +0 animal skin
 f - a +0 chain mail (worn)
 i - a +0 pair of gloves (worn)
Jewellery
 k - a ring of willpower
Scrolls
 c - a scroll of brand weapon {unknown}
 e - 2 scrolls of blinking {unknown}
 g - a scroll of silence {unknown}
 h - a scroll of teleportation {unknown}
 j - a scroll of immolation {unknown}
Potions
 d - a potion of invisibility {unknown}


   Skills:
 + Level 4.0 Fighting
 + Level 4.0 Axes
 + Level 3.0 Armour
 - Level 2.1 Dodging


You had one spell level left.
You didn't know any spells.
Your spell library was empty.

Dungeon Overview and Level Annotations

Branches:
Dungeon (2/15)

Altars:


Innate Abilities, Weirdness & Mutations

You have a pair of horns on your head.
You reflexively headbutt those who attack you in melee.


Message History

You are lethally poisoned!
There is a lethal amount of poison in your body!
There is a lethal amount of poison in your body!
You feel very sick. The kobold hits you but does no damage.
You see here a frilled lizard corpse.
You hit the kobold. Your headbutt misses the kobold.
The kobold is severely wounded.
* * * LOW HITPOINT WARNING * * *
You feel very sick.
The kobold hits you but does no damage. x2
There is a lethal amount of poison in your body!
You are too injured to fight recklessly!
There is a lethal amount of poison in your body!
You are too injured to fight recklessly!
There is a lethal amount of poison in your body!
A red film seems to cover your vision as you go berserk!
You feel yourself moving faster!
You feel mighty!
* * * LOW HITPOINT WARNING * * *
You feel very sick. The kobold hits you with a +0 dagger.
* * * LOW HITPOINT WARNING * * *
You slash the kobold!
You kill the kobold!
Trog accepts your kill.
* * * LOW HITPOINT WARNING * * *
You feel sick.
* * * LOW HITPOINT WARNING * * *
You feel sick.
Things that are here:
a +0 dagger; 8 poisoned darts You feel a strong urge to attack something.
* * * LOW HITPOINT WARNING * * *
You feel sick.
You see here a ring of willpower.
There is a lethal amount of poison in your body!
There is a lethal amount of poison in your body!
There is a lethal amount of poison in your body!
k - a ring of willpower You die...

#.........#
#.........#
#.........#
#$........#
#.........#
#.........#
#.........#
#......@..#
#.....)...##
#####......†.†.#
#...########'#.#
#.#.########.#...
## #.#...†...##.#
### .#
#.#######.##.#
.#####.# #.##.#
.......# #....#


There were no monsters in sight!

Vanquished Creatures
  3 bats (D:1)
  2 endoplasms
  A giant cockroach (D:2)
  4 hobgoblins
  2 kobolds (D:2)
  A quokka (D:1)
  A ball python (D:2)
  2 frilled lizards
  A rat (D:2)
17 creatures vanquished.

Notes
Turn   | Place    | Note
-------+----------+-------------------------------------------
     0 | D:1      | browni3141 the Minotaur Berserker began the quest for the
                  | Orb.
     0 | D:1      | Reached XP level 1. HP: 19/19 MP: 0/0
   138 | D:1      | Found a faded altar of an unknown god.
   335 | D:1      | Reached XP level 2. HP: 27/27 MP: 1/1
   561 | D:2      | HP: 2/40 [poisoned by a kobold]
   563 | D:2      | Succumbed to a kobold's poison

Illustrated notes

Levels and vault maps discovered:
D:1:      mrwooster_arrival_arrow, layout_rooms,
          hellmonk_ecumenical_altar_run_dry
D:2:      layout_basic, basic_altar, minmay_misc_feat_square,
          minmay_misc_feat_four_crosses

Skill      XL: |  1  2 |
---------------+-------+-----
Fighting       | 4 |  4.0
Axes           | 4 |  4.0
Armour         | 3 |  3.0
Dodging        | |  2.1

Action                   || total
-------------------------++-------
Melee: Hand axe          ||    31
       Headbutt          ||     4
       Punch             ||     1
Invok: Berserk           ||     1
Armor: Chain mail        ||    15
       Animal skin       ||     1
Dodge: Dodged            ||    16
